 Dungeon Sprint DCSS version 0.29-a0-821-g66395355a5 (webtiles) character file.

Game seed: 5462670218444980793

1936 mhtbhm the Covert (level 9, -5/47 HPs)
             Began as a Vine Stalker Enchanter on July 8, 2022.
             Was an Initiate of Gozag.
             Slain by a seven-headed hydra (7 damage)
             ... in the Dungeon (Sprint IX: "|||||||||||||||||||||||||||||").
             The game lasted 00:02:51 (518 turns).

mhtbhm the Covert (Vine Stalker Enchanter)           Turns: 518, Time: 00:02:52

Health: -5/47      AC:  8    Str: 10    XL:     9   Next: 18%
Magic:  0/19       EV: 16    Int: 15    God:    Gozag
Gold:   1161       SH:  0    Dex: 20    Spells: 9/20 levels left

rFire   . . .      SeeInvis .   a - +2 rapier (venom)
rCold   . . .      Faith    .   (no shield)
rNeg    . . .      Spirit   +   b - +0 robe
rPois   .          Reflect  .   (no helmet)
rElec   .          Harm     .   (no cloak)
rCorr   .          Rampage  .   k - +0 pair of gloves
Will    +....      NoTele   +   l - +0 pair of boots
Stlth   ++++++....              (no amulet)
HPRegen 0.95/turn               m - +2 ring of protection
MPRegen 0.16/turn               n - +2 ring of protection

@: no status effects
A: fangs 3, regeneration 1, magic shield, antimagic bite, no potion heal 2
a: Renounce Religion, Potion Petition, Call Merchant, Bribe Branch


You were in the Dungeon.
You worshipped Gozag.
Gozag was most pleased with you.
You visited 1 branch You collected 1161 gold pieces.

Inventory:

Hand Weapons
 a - a +2 rapier of venom (weapon)
Armour
 b - a +0 robe (worn)
 k - a +0 pair of gloves (worn)
 l - a +0 pair of boots (worn)
Jewellery
 m - a +2 ring of protection (left hand)
 n - a +2 ring of protection (right hand)
Wands
 j - a wand of roots (10)
Scrolls
 i - 2 scrolls of amnesia
Potions
 c - a potion of invisibility
 d - 5 potions of curing
 f - 3 potions of magic


   Skills:
 + Level 5.1 Fighting
 + Level 8.8 Short Blades
 + Level 6.0 Dodging
 + Level 14.2 Stealth
 + Level 6.2 Spellcasting
 + Level 0.6 Conjurations
 + Level 9.7 Hexes
 + Level 1.9 Ice Magic


You had 9 spell levels left.
You knew the following spells:

 Your Spells              Type           Power      Damage    Failure   Level
a - Confusing Touch       Hex            34%        N/A       1%          3
b - Tukima's Dance        Hex            34%        N/A       1%          3
c - Ensorcelled Hibernat  Hex/Ice        44%        N/A       1%          2
d - Dazzling Flash        Conj/Hex       40%        N/A       4%          3

Your spell library contained the following spells:

 Spells                   Type           Power      Damage    Failure   Level


Dungeon Overview and Level Annotations

Branches:
Dungeon (1/1)

Altars:
Cheibriados
Dithmenos
Elyvilon
Fedhas
Gozag
Hepliaklqana
Kikubaaqudgha
Makhleb
Nemelex Xobeh
Okawaru
Qazlal
Ru
Sif Muna
Trog
Uskayaw
Vehumet
Wu Jian
Xom
Yredelemnul
Zin
The Shining One
Jiyva
Lugonu


Innate Abilities, Weirdness & Mutations

You have razor-sharp teeth.
Your natural rate of healing is unusually fast.
When hurt, damage is shared between your health and your magic reserves.
Your bite disrupts and absorbs the magic of your enemies.
Potions cannot restore your health.


Message History

Casting: Ensorcelled Hibernation (safe; 1% risk of failure)
Confirm with . or Enter, or press ? or * to list all spells.
Your hands begin to glow red.
The seven-headed hydra bites you! The seven-headed hydra bites you.
The seven-headed hydra bites you but does no damage.
The seven-headed hydra bites you!
The seven-headed hydra barely misses you.
The seven-headed hydra bites you!
The seven-headed hydra completely misses you.
You barely miss the seven-headed hydra. You bite the seven-headed hydra.
You drain its power.
You feel invigorated.
The seven-headed hydra is lightly wounded.
The seven-headed hydra barely misses you.
The seven-headed hydra bites you.
* * * LOW HITPOINT WARNING * * *
The seven-headed hydra bites you!
* * * LOW HITPOINT WARNING * * *
The seven-headed hydra completely misses you.
The seven-headed hydra bites you.
* * * LOW HITPOINT WARNING * * *
The seven-headed hydra bites you.
* * * LOW HITPOINT WARNING * * *
The seven-headed hydra bites you.
* * * LOW HITPOINT WARNING * * *
Unknown command.
Okay, then.
Okay, then.
Okay, then.
Unknown command.
You hit the seven-headed hydra but do no damage.
The seven-headed hydra appears confused.
You bite the seven-headed hydra. You drain its power.
You feel invigorated.
The seven-headed hydra is lightly wounded.
The seven-headed hydra misses you.
The seven-headed hydra barely misses you.
The seven-headed hydra misses you.
The seven-headed hydra barely misses you.
The seven-headed hydra bites you!
You die...
Your body crumbles into a pile of gold.

$
▓_▓
$
▓'▓
$
▓.▓
$
▓.▓
▓)▓
▓)▓
▓c▓
▓D▓
▓@▓
▓.▓
▓.▓
▓)▓
▓)▓
▓'▓
▓.▓
▓.▓
▓.▓


You could see a seven-headed hydra (confused) and a centaur.

Vanquished Creatures
  A two-headed ogre (D)
  A cyclops (D)
  An acid dragon (D)
  2 centaurs (D)
  A scorpion (D)
  A howler monkey (D)
  3 orc wizards (D)
  A gnoll (D)
  An adder (D)
  An orc (D)
  A ball python (D)
  A goblin (D)
  A hobgoblin (D)
  A kobold (D)
  A rat (D)
18 creatures vanquished.

Vanquished Creatures (others)
  A tengu warrior (D)
1 creature vanquished.

Grand Total: 19 creatures vanquished

Notes
Turn   | Place    | Note
-------+----------+-------------------------------------------
     0 | D        | mhtbhm the Vine Stalker Enchanter began the quest for the
                  | Orb.
     0 | D        | Reached XP level 1. HP: 9/9 MP: 4/4
    11 | D        | Reached skill level 4 in Stealth
    13 | D        | Reached skill level 1 in Short Blades
    26 | D        | Noticed an orc wizard
    26 | D        | Noticed a scorpion
    30 | D        | Reached XP level 2. HP: 11/13 MP: 6/6
    34 | D        | Killed a scorpion
    35 | D        | Reached skill level 6 in Stealth
    35 | D        | Reached skill level 5 in Hexes
    35 | D        | Reached XP level 3. HP: 11/16 MP: 5/9
    35 | D        | Gained mutation: Your natural rate of healing is unusually
                  | fast. [Vine Stalker growth]
    35 | D        | Reached XP level 4. HP: 15/21 MP: 5/10
    39 | D        | Reached skill level 7 in Stealth
    59 | D        | Found a snail-covered altar of Cheibriados.
    59 | D        | Found a shadowy altar of Dithmenos.
    59 | D        | Found a white marble altar of Elyvilon.
    59 | D        | Found a blossoming altar of Fedhas.
    59 | D        | Found an opulent altar of Gozag.
    60 | D        | Found a hazy altar of Hepliaklqana.
    61 | D        | Found a viscous altar of Jiyva.
    62 | D        | Found an ancient bone altar of Kikubaaqudgha.
    63 | D        | Found a corrupted altar of Lugonu.
    64 | D        | Found a burning altar of Makhleb.
    65 | D        | Found a sparkling altar of Nemelex Xobeh.
    66 | D        | Found an iron altar of Okawaru.
    79 | D        | Found a stormy altar of Qazlal.
    80 | D        | Found a sacrificial altar of Ru.
    81 | D        | Found a shimmering blue altar of Sif Muna.
    82 | D        | Found a bloodstained altar of Trog.
    83 | D        | Found a hide-covered altar of Uskayaw.
    84 | D        | Found a radiant altar of Vehumet.
    91 | D        | Became a worshipper of Gozag Ym Sagoz the Greedy
    98 | D        | Found an ornate altar of the Wu Jian Council.
    99 | D        | Found a shimmering altar of Xom.
   100 | D        | Found a basalt altar of Yredelemnul.
   101 | D        | Found a glowing silver altar of Zin.
   102 | D        | Found a glowing golden altar of the Shining One.
   143 | D        | Noticed a centaur
   143 | D        | Noticed a centaur
   143 | D        | Noticed an acid dragon
   148 | D        | Reached skill level 8 in Stealth
   148 | D        | Reached XP level 5. HP: 25/25 MP: 12/12
   152 | D        | Killed an acid dragon
   153 | D        | Reached skill level 9 in Stealth
   153 | D        | Reached XP level 6. HP: 29/29 MP: 12/14
   157 | D        | Reached skill level 10 in Stealth
   158 | D        | Reached skill level 1 in Fighting
   164 | D        | Reached skill level 11 in Stealth
   164 | D        | Reached skill level 5 in Spellcasting
   171 | D        | Reached skill level 5 in Short Blades
   171 | D        | Reached XP level 7. HP: 20/34 MP: 7/15
   202 | D        | Noticed a gargoyle
   202 | D        | Noticed a seven-headed hydra
   202 | D        | Noticed a two-headed ogre
   202 | D        | Noticed a cyclops
   202 | D        | Noticed a tengu warrior
   263 | D        | Learned a level 3 spell: Confusing Touch
   267 | D        | Learned a level 3 spell: Tukima's Dance
   270 | D        | Learned a level 2 spell: Ensorcelled Hibernation
   274 | D        | Learned a level 3 spell: Dazzling Flash
   296 | D        | Killed a tengu warrior
   297 | D        | Reached skill level 5 in Dodging
   297 | D        | Reached skill level 12 in Stealth
   297 | D        | Gained mutation: You have razor-sharp teeth. [Vine Stalker
                  | growth]
   297 | D        | Reached XP level 8. HP: 19/40 MP: 4/17
   306 | D        | Killed a cyclops
   307 | D        | Reached skill level 13 in Stealth
   307 | D        | Reached skill level 1 in Ice Magic
   309 | D        | Killed a two-headed ogre
   310 | D        | Reached skill level 5 in Fighting
   310 | D        | Reached skill level 14 in Stealth
   310 | D        | Reached XP level 9. HP: 22/47 MP: 19/19
   517 | D        | HP: 1/47 [seven-headed hydra (2)]
   518 | D        | Slain by a seven-headed hydra

Illustrated notes

Levels and vault maps discovered:
D:        linesprint [early_d, line_temple, items_1, d_10, items_2, lair_1,
          lair_end, items_3, orc_1, orc_end, items_4, d_15, swamp_1, shoals_1,
          snake_1, spider_1, d_20, vaults_1, items_5, swamp_end, shoals_end,
          snake_end, spider_end, vaults_end, d_27, items_6, zot_1, zot_end,
          crypt_end, forest_end, elf_end, slime_end, tomb_end, abyss_end,
          pan_hell_end]

Skill      XL: |  1  2  3  4  5  6  7  8 |
---------------+-------------------------+-----
Stealth        | 4 6 8 9 11 12 14 | 14.2
Hexes          | 4 5 6 7 8 9 |  9.7
Short Blades   | 1 2 3 5 6 8 |  8.8
Dodging        | 2 3 5 6 |  6.0
Spellcasting   | 3 4 5 6 |  6.2
Fighting       | 1 3 5 |  5.1
Ice Magic      | 1 |  1.9
Conjurations   | |  0.6

Action                   |  1- 3 |  4- 6 |  7- 9 || total
-------------------------+-------+-------+-------++-------
Melee: Dagger            |    13 |    13 |       ||    26
       Bite              |     3 |     7 |     9 ||    19
       Punch             |     1 |       |       ||     1
       Rapier            |       |    22 |    17 ||    39
 Cast: Ensorcelled Hiber |       |       |     3 ||     3
       Dazzling Flash    |       |       |     3 ||     3
       Confusing Touch   |       |       |     1 ||     1
  Use: Potion            |     1 |     1 |     3 ||     5
       Scroll            |       |       |     2 ||     2
 Stab: Invisible         |     2 |     2 |     2 ||     6
       Sleeping          |     1 |       |     1 ||     2
Armor: Robe              |       |    14 |     6 ||    20
Dodge: Dodged            |     5 |    30 |    23 ||    58

Table legend: (Time is in decaauts)
 A = Elapsed time spent in this place.
 B = Non-inter-level travel time spent in this place.
 C = Inter-level travel time spent in this place.
 D = Time resting spent in this place.
 E = Time spent auto-exploring this place.
 F = Levels seen in this place.
 G = Mean time per level.
                   A        B        C        D        E       F      G
               +--------+--------+--------+--------+--------+-----+--------+
         Total |    505 |    505 |      0 |    208 |     13 |   1 |  505.0 |
       Dungeon |    505 |    505 |      0 |    208 |     13 |   1 |  505.0 |
               +--------+--------+--------+--------+--------+-----+--------+

Top non-repeatable levels by time:
       D: 505 daAuts
